 Dungeon Crawl Stone Soup version 0.20-a0-700-gbd4582c (webtiles) character file.

1311 M4edhros the Covert (level 8, 0/50 HPs)
             Began as an Octopode Artificer on Feb 20, 2017.
             Was an Initiate of Gozag.
             Slain by a gnoll sergeant
             ... wielding a +2 spear of venom
              (8 damage)
             ... on level 6 of the Dungeon.
             The game lasted 00:08:39 (4541 turns).

M4edhros the Covert (Octopode Artificer)            Turns: 4541, Time: 00:08:40

Health: 0/50       AC:  2    Str: 13 (14) XL:     8   Next: 58%
Magic:  0/11       EV: 19    Int: 15 (16) God:    Gozag
Gold:   392        SH:  4    Dex: 17 (19) Spells: 7/7 levels left

rFire    . . .     SeeInvis .   e - +2 dagger (speed)
rCold    . . .     Gourm    .   o - +0 buckler
rNeg     . . .     Faith    .   p - +1 hat
rPois    .         Spirit   +   g - amulet of guardian spirit
rElec    .         Reflect  .   r - ring of protection from magic
rCorr    .         Harm     .   C - +2 ring of strength
MR       ++...                  (no ring)
Stlth    +++++++...             (no ring)
Regen    0.2/turn               (no ring)
MPRegen  0.2/turn               (no ring)
                                (no ring)
                                (no ring)

@: brilliant, agile, lethally poisoned (0 -> -5)
A: almost no armour, stealthy swim, amphibious, 8 rings, constrict 8, camouflage
1, dopey 1, high mp 1, magic resistance 1, gelatinous body 1
a: Potion Petition, Call Merchant, Bribe Branch, Renounce Religion


You were on level 6 of the Dungeon.
You worshipped Gozag.
Gozag was aware of your devotion.
You were full.

You visited 1 branch of the dungeon, and saw 6 of its levels.

You collected 727 gold pieces.
You spent 224 gold pieces at shops.
You paid 111 gold pieces to Gozag.

Inventory:

Hand Weapons
 a - a +0 short sword
 e - a +2 dagger of speed (weapon)
 h - a +0 hunting sling
Missiles
 i - 21 sling bullets
 j - 147 stones (quivered)
Armour
 o - a +0 buckler (worn)
 p - a +1 hat (worn)
Jewellery
 g - an amulet of guardian spirit (around mantle)
 r - a ring of protection from magic (left tentacle)
 C - a +2 ring of strength (right tentacle)
Wands
 b - a wand of flame (0/48)
 c - a wand of enslavement (3/24)
 d - a wand of random effects (3/48)
Scrolls
 m - 4 scrolls of identify
 w - a scroll of blinking {unknown}
 y - a scroll of teleportation
 A - a scroll of remove curse
Potions
 l - a potion of ambrosia {unknown}
 q - a potion of lignification {unknown}
 x - a potion of resistance
 z - a potion of curing {unknown}
 B - a potion of flight {unknown}
Comestibles
 n - 2 fruits
 s - a meat ration
 v - 2 bread rations


   Skills:
 + Level 2.0 Fighting
 - Level 1.0 Short Blades
 + Level 1.6 Slings
 + Level 2.7 Dodging
 + Level 12.9 Stealth
 + Level 1.5 Shields
 - Level 3.2 Evocations


You had 7 spell levels left.
You didn't know any spells.

Dungeon Overview and Level Annotations

Branches:
Dungeon (6/15)
 Temple: D:4-7

Altars:
Gozag
Ru
Sif Muna
Trog
Uskayaw
Xom
The Shining One

Shops:
D:5 [

Annotations:
D:5 mora's ghost, novice CeHu


Innate Abilities, Weirdness & Mutations

You cannot wear most types of armour.
You are very stealthy in the water. (Stealth+)
You are amphibious.
You can wear up to eight rings at the same time.
You can use your tentacles to constrict eight enemies at once.
Your skin changes colour to match your surroundings (Stealth+).
Your rubbery body absorbs attacks. (AC +1, EV +1)
You are dopey. (Int -2)
You have an increased reservoir of magic. (+10% MP)
You are resistant to hostile enchantments. (MR+)


Message History

The gnoll sergeant hits you from afar with a spear of venom.
* * * LOW HITPOINT WARNING * * *
You are poisoned.
Okay, then.
Evoke which item? (* to show all) (? for menu, Esc to quit)
Aiming: Enslavement
Press: ? - help, Shift-Dir - straight line, f/p - gnoll sergeant
Aim: a gnoll sergeant, wielding a spear of venom and wearing a scale mail (moderately wounded, chance to defeat MR: 55%)
The gnoll sergeant resists with significant effort.
This wand has 4 charges left.
You feel sick. The gnoll sergeant closely misses you.
Evoke which item? (* to show all) (? for menu, Esc to quit)
Aiming: Enslavement
Press: ? - help, Shift-Dir - straight line, f/p - gnoll sergeant
Aim: a gnoll sergeant, wielding a spear of venom and wearing a scale mail (moderately wounded, chance to defeat MR: 55%)
The gnoll sergeant resists with significant effort.
This wand has 3 charges left.
You feel sick.
The gnoll sergeant hits you from afar with a spear of venom!
You die...
Your body crumbles into a pile of gold.

.##.#.#................#
.##.#.#.###.#.......##.#
............#...$...#
...###++###.##.P_..##
...# #.P.P.# ...#
#.....# ##.+ ##.#g##
##.+ #...# #### ##@.# #
#..# # #..# #... <..##
.##># #. ... # #5# .5.


You could see a gnoll sergeant and a crimson imp.

Vanquished Creatures
  An orc warrior (D:4)
  A black bear (D:6)
  2 slaves (D:4)
  The ghost of mora the Shooter, an amateur CeHu (D:3)
  3 ogres (D:4)
  A scorpion (D:4)
  A centaur skeleton (D:4)
  A bullfrog skeleton (D:5)
  An orc priest (D:4)
  3 orc wizards (D:4)
  An iguana (D:5)
  A hound zombie (D:5)
  A hound skeleton (D:5)
  6 adders
  A shadow imp (D:6)
  An ooze (D:4)
  An adder skeleton (D:5)
  4 worms
  2 dart slugs
  A leopard gecko (D:4)
  13 orcs
  6 bats
  4 giant cockroaches
  8 goblins
  7 hobgoblins
  4 jackals (D:1)
  7 frilled lizards
  5 kobolds
  2 quokka skeletons
  A quokka zombie (D:3)
  14 rats
105 creatures vanquished.

Vanquished Creatures (collateral kills)
  Pikel (D:4)
  A wyvern (D:6)
  An iguana (D:4)
  2 gnolls (D:6)
  An adder (D:4)
  A gnoll (shapeshifter) (D:6)
  An orc (D:4)
8 creatures vanquished.

Vanquished Creatures (others)
  A sky beast (D:4)
  An adder skeleton (D:4)
  2 leopard geckos (D:4)
  An orc (D:4)
  2 jackals (D:4)
  A jackal skeleton (D:4)
8 creatures vanquished.

Grand Total: 121 creatures vanquished

Notes
Turn   | Place    | Note
-------+----------+-------------------------------------------
     0 | D:1      | M4edhros the Octopode Artificer began the quest for the Orb.
     0 | D:1      | Reached XP level 1. HP: 13/13 MP: 3/3
   266 | D:1      | Reached skill level 2 in Stealth
   288 | D:1      | Reached skill level 3 in Stealth
   288 | D:1      | Reached XP level 2. HP: 16/18 MP: 4/4
   582 | D:3      | Noticed mora's ghost (amateur CeHu)
   592 | D:3      | Killed mora's ghost
   592 | D:3      | Reached skill level 6 in Stealth
   592 | D:3      | Reached XP level 3. HP: 9/23 MP: 1/5
   592 | D:3      | Reached XP level 4. HP: 11/28 MP: 1/6
   641 | D:4      | Noticed an ogre
   780 | D:4      | Killed an ogre
   780 | D:4      | Reached skill level 7 in Stealth
   780 | D:4      | Reached XP level 5. HP: 33/33 MP: 7/7
   792 | D:4      | Noticed a slave
   792 | D:4      | Noticed a slave
   793 | D:4      | Noticed a slave
   795 | D:4      | Noticed a slave
   799 | D:4      | Noticed Pikel
   808 | D:4      | Killed a slave
   809 | D:4      | Noticed a sky beast
   819 | D:4      | Killed a slave
   820 | D:4      | Killed Pikel
   820 | D:4      | Reached skill level 10 in Stealth
   820 | D:4      | Reached XP level 6. HP: 18/38 MP: 4/8
   820 | D:4      | Reached XP level 7. HP: 20/43 MP: 4/9
   894 | D:4      | Reached skill level 11 in Stealth
  1385 | D:4      | Reached skill level 12 in Stealth
  1473 | D:4      | Reached XP level 8. HP: 26/48 MP: 5/10
  1475 | D:4      | Gained mutation: You have an increased reservoir of magic. (+10% MP) [potion of mutation]
  1475 | D:4      | Gained mutation: You are dopey. (Int -2) [potion of mutation]
  1475 | D:4      | Gained mutation: You are resistant to hostile enchantments. (MR+) [potion of mutation]
  1898 | D:4      | Found a shimmering altar of Xom.
  1904 | D:4      | Became a worshipper of Xom of Swiftly Tilting Intent
  2005 | D:5      | Entered Level 5 of the Dungeon
  2102 | D:5      | Found a deep blue altar of Sif Muna.
  2105 | D:5      | Found a sacrificial altar of Ru.
  2108 | D:5      | Found an opulent altar of Gozag.
  2112 | D:5      | Fell from the grace of Xom
  2112 | D:5      | Became a worshipper of Gozag Ym Sagoz the Greedy
  3574 | D:2      | Found a glowing golden altar of the Shining One.
  4162 | D:5      | Found Xutteisoe's Antique Armour Emporium.
  4343 | D:5      | Reached skill level 1 in Slings
  4352 | D:5      | Bought a glowing hat for 224 gold pieces
  4387 | D:5      | XOM: 2-stop teleportation journey
  4388 | D:5      | Noticed mora's ghost (novice CeHu)
  4418 | D:6      | Found a hide-covered altar of Uskayaw.
  4430 | D:6      | Found a shimmering altar of Xom.
  4435 | D:6      | XOM: cloud trail
  4500 | D:6      | Noticed a wyvern
  4500 | D:6      | a gnoll changed into a wyvern
  4507 | D:6      | Killed a wyvern
  4507 | D:6      | Reached skill level 1 in Shields
  4512 | D:6      | Found a bloodstained altar of Trog.
  4541 | D:6      | Slain by a gnoll sergeant

Vault maps used:
D:1:      dpeg_arrival_brainrot, minmay_tree_intersection, minmay_heptomino_d4
D:2:      nicolae_overflow_hidden_temple
D:3:      first_bread
D:4:      marbit_many_paths, guppyfry_early_orc_mine, uniq_pikel
D:5:      grunt_temple_overflow_diamond, serial_shops, nicolae_shop_crystal,
          uniq_duvessa
D:6:      old_standard_altar, trog_ov_bears_minmay,
          minmay_temple_entry_statues_fountains, hangedman_feature_mirror,
          kennysheep_generic_room_15

Skill      XL: |  1  2  3  4  5  6  7  8 |
---------------+-------------------------+-----
Stealth        | 3 6 7 10 12 | 12.9
Slings         | 1 |  1.6
Shields        | 1 |  1.5
Fighting       | 2 |  2.0
Short Blades   | |  1.0
Dodging        | |  2.7
Evocations     | |  3.2

Action                   |  1- 3 |  4- 6 |  7- 9 || total
-------------------------+-------+-------+-------++-------
Melee: Short sword       |    21 |     9 |     3 ||    33
       Tentacles         |     5 |     2 |    41 ||    48
       Constrict         |     5 |     2 |    35 ||    42
       Dagger            |       |       |   198 ||   198
Evoke: Wand              |     8 |    13 |    18 ||    39
  Use: Scroll            |       |       |     5 ||     5
       Potion            |       |       |     6 ||     6
 Stab: Sleeping          |     3 |       |    33 ||    36
       Distracted        |       |       |     1 ||     1
  Eat: Chunk             |       |       |     1 ||     1
       Royal jelly       |       |       |     3 ||     3
       Bread ration      |       |       |     2 ||     2
Armor: Skin              |       |       |    11 ||    11
Dodge: Dodged            |     9 |     3 |    80 ||    92
Block: Buckler           |       |       |     9 ||     9
